[ PARTIDA AOE2 · #476748622 ]
Team RMCeltas vs Teutons
[ ANÁLISIS DE REPETICIÓN · EXTRAÍDO DE LA PARTIDA GRABADA ]
Feudal
13:14
Castillos
17:24
Imperial
33:00
| APM promedio | 18.4 |
| APM pico | 54 |
| eAPM promedio | 14.5 |
| Aldeanos / militares | 123 / 532 |
Foco
⚔️ 28.5% · 🌾 71.5%
Scorpion ×118 · Skirmisher ×116 · Scout Cavalry ×105 · Spearman ×64 · Woad Raider ×55 · Knight ×41
Feudal
12:17
Castillos
18:50
Imperial
29:17
| APM promedio | 10.3 |
| APM pico | 70 |
| eAPM promedio | 8.8 |
| Aldeanos / militares | 66 / 396 |
Foco
⚔️ 51.0% · 🌾 49.0%
Leitis ×204 · Spearman ×148 · Mangonel ×41 · Trade Cart ×24 · Monk ×3
Feudal
12:46
Castillos
23:00
Imperial
30:18
| APM promedio | 14.8 |
| APM pico | 41 |
| eAPM promedio | 11.5 |
| Aldeanos / militares | 116 / 307 |
Foco
⚔️ 42.4% · 🌾 57.6%
Teutonic Knight ×283 · Trade Cart ×40 · Trebuchet (Packed) ×15 · Mangonel ×8 · Monk ×1
Feudal
13:37
Castillos
17:41
Imperial
31:48
| APM promedio | 19.5 |
| APM pico | 67 |
| eAPM promedio | 15.0 |
| Aldeanos / militares | 97 / 446 |
Foco
⚔️ 62.1% · 🌾 37.9%
Scorpion ×211 · Longbowman ×153 · Trade Cart ×60 · Spearman ×34 · Trebuchet (Packed) ×24 · Battering Ram ×22
Feudal
11:51
Castillos
23:39
Imperial
39:56
| APM promedio | 13.1 |
| APM pico | 95 |
| eAPM promedio | 10.4 |
| Aldeanos / militares | 92 / 330 |
Foco
⚔️ 45.1% · 🌾 54.9%
Knight ×148 · Scout Cavalry ×106 · Trade Cart ×32 · Throwing Axeman ×31 · Skirmisher ×28 · Archer ×13
Feudal
12:03
Castillos
18:20
Imperial
31:52
| APM promedio | 13.8 |
| APM pico | 84 |
| eAPM promedio | 10.9 |
| Aldeanos / militares | 164 / 535 |
Foco
⚔️ 28.8% · 🌾 71.2%
Battle Elephant ×376 · Ballista Elephant ×152 · Trade Cart ×70 · Trebuchet (Packed) ×7 · Fishing Ship ×5
Feudal
14:17
Castillos
24:46
Imperial
33:40
| APM promedio | 18.7 |
| APM pico | 50 |
| eAPM promedio | 12.0 |
| Aldeanos / militares | 117 / 1109 |
Foco
⚔️ 42.5% · 🌾 57.5%
Spearman ×508 · Archer ×330 · Mangonel ×126 · Longbowman ×88 · Trade Cart ×78 · Scorpion ×56
Feudal
12:20
Castillos
17:08
Imperial
31:08
| APM promedio | 4.9 |
| APM pico | 38 |
| eAPM promedio | 3.4 |
| Aldeanos / militares | 88 / 222 |
Foco
⚔️ 25.8% · 🌾 74.2%
Scout Cavalry ×121 · Knight ×101
Mapa de la partida
Recursos al inicio + cada clic de construcción. Línea gruesa = muro · recuadro discontinuo = muro de casas detectado. 🟡 oro · ⚪ piedra · 🟢 bayas · 🔶 jabalí · ⭕ reliquia
Inputs por minuto
— Antonio - - mahirnalbant09
Build order — Antonio
Primeras 150 de 548 acciones detectadas
| 0:03 | Crear | Villager (Male) |
| 0:04 | Crear | Villager (Male) |
| 0:04 | Crear | Villager (Male) |
| 0:04 | Crear | Villager (Male) |
| 0:04 | Crear | Villager (Male) |
| 0:06 | Construir | House |
| 0:08 | Construir | House |
| 1:37 | Investigar | Loom |
| 1:49 | Crear | Villager (Male) |
| 2:16 | Crear | Villager (Male) |
| 2:17 | Crear | Villager (Male) |
| 3:03 | Crear | Villager (Male) |
| 3:04 | Crear | Villager (Male) |
| 3:10 | Construir | Lumber Camp |
| 3:53 | Construir | House |
| 4:10 | Crear | Villager (Male) |
| 5:12 | Construir | Palisade Wall |
| 5:14 | Crear | Villager (Male) |
| 5:14 | Crear | Villager (Male) |
| 6:04 | Crear | Villager (Male) |
| 6:04 | Crear | Villager (Male) |
| 6:05 | Crear | Villager (Male) |
| 6:22 | Crear | Villager (Male) |
| 6:23 | Crear | Villager (Male) |
| 6:36 | Construir | Mill |
| 6:55 | Crear | Villager (Male) |
| 7:25 | Construir | House |
| 7:51 | Crear | Villager (Male) |
| 8:05 | Construir | House |
| 8:43 | Construir | Mill |
| 8:49 | Crear | Villager (Male) |
| 8:50 | Crear | Villager (Male) |
| 8:54 | Construir | House |
| 9:21 | Crear | Villager (Male) |
| 9:21 | Crear | Villager (Male) |
| 9:22 | Crear | Villager (Male) |
| 9:34 | Construir | Mining Camp |
| 10:54 | Investigar | Feudal Age |
| 11:34 | Construir | House |
| 13:14 | Edad | Edad Feudal |
| 13:20 | Construir | Market |
| 13:30 | Construir | Blacksmith |
| 13:41 | Construir | Stone Wall |
| 13:51 | Construir | Building 673 |
| 14:44 | Investigar | Castle Age |
| 15:03 | Investigar | Double-Bit Axe |
| 15:15 | Investigar | Horse Collar |
| 15:24 | Construir | Farm |
| 15:25 | Construir | Farm |
| 15:29 | Construir | Farm |
| 15:32 | Construir | Farm |
| 15:54 | Construir | Farm |
| 16:14 | Construir | Farm |
| 16:29 | Investigar | Gold Mining |
| 17:05 | Construir | Farm |
| 17:11 | Construir | Farm |
| 17:24 | Edad | Edad de los Castillos |
| 17:37 | Crear | Villager (Male) |
| 17:37 | Crear | Villager (Male) |
| 18:02 | Construir | Town Center |
| 18:14 | Crear | Villager (Male) |
| 18:30 | Investigar | Bow Saw |
| 19:06 | Crear | Villager (Male) |
| 19:07 | Crear | Villager (Male) |
| 19:23 | Construir | Stone Wall |
| 19:29 | Construir | Building 487 |
| 19:39 | Crear | Villager (Male) |
| 19:39 | Crear | Villager (Male) |
| 20:18 | Crear | Villager (Male) |
| 20:22 | Crear | Villager (Male) |
| 20:25 | Construir | Farm |
| 20:28 | Construir | Farm |
| 20:49 | Construir | Town Center |
| 20:57 | Crear | Villager (Male) |
| 20:57 | Crear | Villager (Male) |
| 21:00 | Crear | Villager (Male) |
| 21:01 | Crear | Villager (Male) |
| 21:09 | Construir | Farm |
| 21:12 | Construir | Farm |
| 21:23 | Construir | Farm |
| 21:45 | Crear | Villager (Male) |
| 21:47 | Crear | Villager (Male) |
| 21:49 | Crear | Villager (Male) |
| 22:01 | Construir | Farm |
| 22:07 | Construir | Farm |
| 22:13 | Construir | Farm |
| 22:18 | Crear | Villager (Male) |
| 22:19 | Crear | Villager (Male) |
| 22:46 | Investigar | Heavy Plow |
| 22:59 | Crear | Villager (Male) |
| 23:01 | Crear | Villager (Male) |
| 23:02 | Crear | Villager (Male) |
| 23:07 | Crear | Villager (Male) |
| 23:16 | Construir | Mining Camp |
| 23:20 | Crear | Villager (Male) |
| 23:23 | Crear | Villager (Male) |
| 23:33 | Crear | Villager (Male) |
| 23:34 | Crear | Villager (Male) |
| 23:46 | Construir | House |
| 23:59 | Investigar | Wheelbarrow |
| 24:14 | Construir | House |
| 24:16 | Construir | House |
| 24:17 | Construir | House |
| 24:19 | Construir | House |
| 24:30 | Crear | Villager (Male) |
| 24:31 | Crear | Villager (Male) |
| 24:37 | Crear | Villager (Male) |
| 24:57 | Crear | Villager (Male) |
| 24:57 | Crear | Villager (Male) |
| 24:58 | Crear | Villager (Male) |
| 24:58 | Crear | Villager (Male) |
| 25:06 | Construir | House |
| 25:23 | Crear | Villager (Male) |
| 25:24 | Crear | Villager (Male) |
| 25:36 | Construir | Town Center |
| 25:41 | Crear | Villager (Male) |
| 25:42 | Crear | Villager (Male) |
| 25:43 | Crear | Villager (Male) |
| 25:49 | Construir | Farm |
| 25:51 | Construir | Farm |
| 25:52 | Construir | Farm |
| 25:54 | Construir | Farm |
| 25:59 | Construir | Farm |
| 26:06 | Crear | Villager (Male) |
| 26:06 | Crear | Villager (Male) |
| 26:12 | Construir | House |
| 26:14 | Construir | House |
| 26:17 | Construir | House |
| 27:16 | Crear | Trade Cart |
| 27:16 | Crear | Trade Cart |
| 27:17 | Crear | Trade Cart |
| 27:21 | Construir | Farm |
| 27:23 | Crear | Villager (Male) |
| 27:25 | Crear | Villager (Male) |
| 27:26 | Crear | Villager (Male) |
| 27:26 | Crear | Villager (Male) |
| 27:27 | Crear | Villager (Male) |
| 27:27 | Crear | Villager (Male) |
| 27:28 | Crear | Villager (Male) |
| 27:43 | Construir | Castle |
| 27:53 | Construir | House |
| 27:57 | Crear | Villager (Male) |
| 27:58 | Crear | Villager (Male) |
| 27:58 | Crear | Villager (Male) |
| 27:59 | Crear | Villager (Male) |
| 27:59 | Crear | Villager (Male) |
| 28:00 | Crear | Villager (Male) |
| 28:00 | Crear | Villager (Male) |
| 28:15 | Construir | University |
| 28:29 | Construir | House |
Build order — mahirnalbant09
Primeras 150 de 645 acciones detectadas
| 0:09 | Construir | House |
| 0:11 | Construir | House |
| 0:14 | Crear | Villager (Male) |
| 0:14 | Crear | Villager (Male) |
| 0:14 | Crear | Villager (Male) |
| 0:15 | Crear | Villager (Male) |
| 0:15 | Crear | Villager (Male) |
| 0:15 | Crear | Villager (Male) |
| 0:15 | Crear | Villager (Male) |
| 0:53 | Construir | House |
| 0:54 | Construir | House |
| 1:29 | Crear | Villager (Male) |
| 2:20 | Crear | Villager (Male) |
| 2:20 | Crear | Villager (Male) |
| 2:22 | Investigar | Loom |
| 4:22 | Crear | Villager (Male) |
| 4:22 | Crear | Villager (Male) |
| 4:22 | Crear | Villager (Male) |
| 4:23 | Crear | Villager (Male) |
| 4:23 | Crear | Villager (Male) |
| 4:23 | Crear | Villager (Male) |
| 7:04 | Construir | Mill |
| 7:14 | Construir | Lumber Camp |
| 8:02 | Crear | Villager (Male) |
| 8:03 | Crear | Villager (Male) |
| 8:03 | Crear | Villager (Male) |
| 8:04 | Crear | Villager (Male) |
| 8:06 | Crear | Villager (Male) |
| 8:09 | Investigar | Feudal Age |
| 9:27 | Construir | Mining Camp |
| 10:39 | Construir | House |
| 10:40 | Construir | House |
| 10:42 | Construir | House |
| 12:17 | Edad | Edad Feudal |
| 12:25 | Construir | Market |
| 12:30 | Crear | Villager (Male) |
| 12:30 | Crear | Villager (Male) |
| 12:31 | Crear | Villager (Male) |
| 12:31 | Crear | Villager (Male) |
| 12:32 | Crear | Villager (Male) |
| 13:04 | Construir | Farm |
| 13:07 | Construir | Farm |
| 13:08 | Construir | Farm |
| 13:12 | Construir | Farm |
| 13:13 | Construir | Farm |
| 13:14 | Construir | Farm |
| 13:18 | Construir | Farm |
| 13:21 | Construir | Farm |
| 14:08 | Construir | Mining Camp |
| 14:49 | Crear | Villager (Male) |
| 15:22 | Construir | Farm |
| 15:31 | Construir | Blacksmith |
| 16:10 | Investigar | Castle Age |
| 16:39 | Investigar | Horse Collar |
| 17:10 | Investigar | Double-Bit Axe |
| 17:50 | Investigar | Stone Mining |
| 18:50 | Edad | Edad de los Castillos |
| 18:52 | Construir | Monastery |
| 18:59 | Construir | Town Center |
| 19:02 | Crear | Villager (Male) |
| 19:03 | Crear | Villager (Male) |
| 19:03 | Crear | Villager (Male) |
| 19:03 | Crear | Villager (Male) |
| 19:03 | Crear | Villager (Male) |
| 19:04 | Crear | Villager (Male) |
| 19:04 | Crear | Villager (Male) |
| 19:29 | Crear | Monk |
| 19:29 | Crear | Monk |
| 19:30 | Crear | Monk |
| 19:34 | Construir | Farm |
| 19:56 | Construir | Farm |
| 20:23 | Construir | Town Center |
| 20:27 | Construir | Farm |
| 21:19 | Crear | Villager (Male) |
| 21:19 | Crear | Villager (Male) |
| 21:19 | Crear | Villager (Male) |
| 21:19 | Crear | Villager (Male) |
| 21:20 | Crear | Villager (Male) |
| 21:20 | Crear | Villager (Male) |
| 21:24 | Crear | Villager (Male) |
| 21:25 | Crear | Villager (Male) |
| 21:25 | Crear | Villager (Male) |
| 21:25 | Crear | Villager (Male) |
| 21:25 | Crear | Villager (Male) |
| 21:26 | Crear | Villager (Male) |
| 21:26 | Crear | Villager (Male) |
| 21:29 | Crear | Villager (Male) |
| 21:30 | Crear | Villager (Male) |
| 21:30 | Crear | Villager (Male) |
| 21:38 | Construir | Castle |
| 22:01 | Construir | Farm |
| 22:56 | Construir | Farm |
| 23:03 | Crear | Villager (Male) |
| 23:04 | Crear | Villager (Male) |
| 23:04 | Crear | Villager (Male) |
| 23:04 | Crear | Villager (Male) |
| 23:05 | Crear | Villager (Male) |
| 23:34 | Construir | Farm |
| 23:53 | Construir | Farm |
| 24:01 | Construir | Farm |
| 24:20 | Investigar | Heavy Plow |
| 24:24 | Construir | Farm |
| 24:27 | Construir | Farm |
| 24:49 | Construir | Farm |
| 25:25 | Construir | Farm |
| 26:07 | Investigar | Imperial Age |
| 26:19 | Investigar | Gold Mining |
| 26:48 | Investigar | Wheelbarrow |
| 26:54 | Crear | Villager (Male) |
| 26:56 | Crear | Villager (Male) |
| 26:56 | Crear | Villager (Male) |
| 26:56 | Crear | Villager (Male) |
| 27:06 | Crear | Villager (Male) |
| 27:27 | Construir | Farm |
| 27:52 | Construir | Farm |
| 28:27 | Construir | Farm |
| 29:14 | Construir | Farm |
| 29:17 | Edad | Edad Imperial |
| 29:18 | Construir | Farm |
| 29:26 | Investigar | Elite Leitis (upgrade) |
| 29:45 | Construir | Castle |
| 30:04 | Investigar | Scale Barding Armor |
| 30:05 | Investigar | Forging |
| 30:16 | Investigar | Hand Cart |
| 30:18 | Investigar | Crop Rotation |
| 30:32 | Crear | Trade Cart |
| 30:32 | Crear | Trade Cart |
| 30:33 | Crear | Trade Cart |
| 30:33 | Crear | Trade Cart |
| 30:34 | Crear | Trade Cart |
| 30:34 | Crear | Trade Cart |
| 30:34 | Crear | Trade Cart |
| 30:35 | Crear | Trade Cart |
| 30:51 | Investigar | Caravan |
| 31:04 | Investigar | Chain Barding Armor |
| 31:43 | Investigar | Iron Casting |
| 31:48 | Investigar | Conscription |
| 32:19 | Construir | Mining Camp |
| 32:22 | Crear | Leitis |
| 32:22 | Crear | Leitis |
| 32:22 | Crear | Leitis |
| 32:22 | Crear | Leitis |
| 32:23 | Crear | Leitis |
| 32:23 | Crear | Leitis |
| 32:23 | Crear | Leitis |
| 32:26 | Crear | Leitis |
| 32:26 | Crear | Leitis |
| 32:32 | Crear | Leitis |
| 32:32 | Crear | Leitis |
| 32:32 | Crear | Leitis |
Build order — Ember Бубен
Primeras 150 de 566 acciones detectadas
| 0:05 | Crear | Villager (Male) |
| 0:05 | Crear | Villager (Male) |
| 0:06 | Crear | Villager (Male) |
| 0:06 | Crear | Villager (Male) |
| 0:06 | Crear | Villager (Male) |
| 0:13 | Construir | House |
| 0:15 | Construir | House |
| 0:16 | Construir | House |
| 0:17 | Construir | House |
| 1:29 | Investigar | Loom |
| 1:55 | Crear | Villager (Male) |
| 1:55 | Crear | Villager (Male) |
| 2:28 | Crear | Villager (Male) |
| 2:28 | Crear | Villager (Male) |
| 2:57 | Crear | Villager (Male) |
| 3:00 | Crear | Villager (Male) |
| 3:12 | Construir | Mill |
| 3:41 | Crear | Villager (Male) |
| 3:41 | Crear | Villager (Male) |
| 4:11 | Crear | Villager (Male) |
| 4:11 | Crear | Villager (Male) |
| 4:42 | Crear | Villager (Male) |
| 4:42 | Crear | Villager (Male) |
| 5:24 | Crear | Villager (Male) |
| 5:44 | Crear | Villager (Male) |
| 5:44 | Crear | Villager (Male) |
| 6:22 | Construir | Lumber Camp |
| 6:30 | Crear | Villager (Male) |
| 6:55 | Crear | Villager (Male) |
| 7:08 | Crear | Villager (Male) |
| 7:13 | Construir | House |
| 7:17 | Crear | Villager (Male) |
| 7:17 | Crear | Villager (Male) |
| 8:22 | Crear | Villager (Male) |
| 8:22 | Crear | Villager (Male) |
| 9:11 | Crear | Villager (Male) |
| 9:35 | Construir | Mill |
| 10:06 | Crear | Villager (Male) |
| 10:20 | Construir | Mill |
| 10:24 | Crear | Villager (Male) |
| 10:27 | Investigar | Feudal Age |
| 11:40 | Construir | House |
| 11:42 | Construir | House |
| 11:44 | Construir | House |
| 12:05 | Construir | Mining Camp |
| 12:46 | Edad | Edad Feudal |
| 12:50 | Investigar | Wheelbarrow |
| 12:53 | Investigar | Double-Bit Axe |
| 13:03 | Investigar | Horse Collar |
| 13:27 | Construir | Market |
| 13:34 | Investigar | Town Watch |
| 13:35 | Crear | Villager (Male) |
| 13:35 | Crear | Villager (Male) |
| 13:35 | Crear | Villager (Male) |
| 13:54 | Crear | Villager (Male) |
| 13:54 | Crear | Villager (Male) |
| 14:33 | Construir | Barracks |
| 15:05 | Construir | Farm |
| 15:05 | Construir | Farm |
| 15:05 | Construir | Farm |
| 15:05 | Construir | Farm |
| 15:06 | Construir | Farm |
| 15:06 | Construir | Farm |
| 15:06 | Construir | Farm |
| 15:08 | Construir | Farm |
| 15:15 | Construir | Farm |
| 15:15 | Construir | Farm |
| 15:15 | Construir | Farm |
| 15:15 | Construir | Farm |
| 15:16 | Construir | Farm |
| 15:19 | Crear | Villager (Male) |
| 15:20 | Crear | Villager (Male) |
| 15:20 | Crear | Villager (Male) |
| 15:24 | Crear | Villager (Male) |
| 15:25 | Crear | Villager (Male) |
| 15:28 | Crear | Villager (Male) |
| 15:28 | Crear | Villager (Male) |
| 15:39 | Investigar | Gold Mining |
| 16:18 | Construir | Blacksmith |
| 16:26 | Crear | Villager (Male) |
| 16:26 | Crear | Villager (Male) |
| 17:07 | Construir | Stable |
| 17:12 | Crear | Villager (Male) |
| 17:19 | Investigar | Stone Mining |
| 17:27 | Crear | Villager (Male) |
| 17:27 | Crear | Villager (Male) |
| 17:33 | Construir | Mining Camp |
| 17:37 | Crear | Villager (Male) |
| 17:37 | Crear | Villager (Male) |
| 17:49 | Construir | Stable |
| 18:11 | Crear | Trade Cart |
| 19:02 | Construir | Mining Camp |
| 19:06 | Crear | Trade Cart |
| 19:07 | Crear | Trade Cart |
| 19:15 | Construir | Farm |
| 19:37 | Construir | Farm |
| 19:39 | Crear | Villager (Male) |
| 19:58 | Crear | Villager (Male) |
| 20:04 | Construir | Farm |
| 20:20 | Investigar | Castle Age |
| 20:28 | Construir | Farm |
| 20:38 | Construir | House |
| 20:40 | Construir | House |
| 20:43 | Construir | House |
| 20:45 | Construir | House |
| 20:46 | Construir | House |
| 20:48 | Construir | House |
| 21:18 | Crear | Trade Cart |
| 21:18 | Crear | Trade Cart |
| 21:18 | Crear | Trade Cart |
| 21:36 | Construir | Lumber Camp |
| 21:56 | Crear | Trade Cart |
| 21:57 | Crear | Trade Cart |
| 23:00 | Edad | Edad de los Castillos |
| 23:12 | Construir | Castle |
| 23:18 | Investigar | Hand Cart |
| 23:21 | Investigar | Bow Saw |
| 23:24 | Investigar | Heavy Plow |
| 23:33 | Investigar | Stone Shaft Mining |
| 23:59 | Crear | Villager (Male) |
| 23:59 | Crear | Villager (Male) |
| 24:00 | Crear | Villager (Male) |
| 24:00 | Crear | Villager (Male) |
| 24:13 | Crear | Villager (Male) |
| 24:13 | Crear | Villager (Male) |
| 24:21 | Crear | Villager (Male) |
| 24:21 | Crear | Villager (Male) |
| 24:38 | Crear | Villager (Male) |
| 24:38 | Crear | Villager (Male) |
| 24:47 | Construir | Town Center |
| 24:52 | Crear | Villager (Male) |
| 25:01 | Investigar | Caravan |
| 25:02 | Crear | Trade Cart |
| 25:02 | Crear | Trade Cart |
| 25:23 | Crear | Villager (Male) |
| 25:39 | Crear | Villager (Male) |
| 26:13 | Construir | Town Center |
| 26:36 | Crear | Trade Cart |
| 26:37 | Crear | Trade Cart |
| 26:48 | Investigar | Imperial Age |
| 26:55 | Crear | Villager (Male) |
| 26:55 | Crear | Villager (Male) |
| 26:56 | Crear | Villager (Male) |
| 26:56 | Crear | Villager (Male) |
| 26:56 | Crear | Villager (Male) |
| 27:25 | Construir | Monastery |
| 27:30 | Crear | Villager (Male) |
| 27:30 | Crear | Villager (Male) |
| 28:24 | Crear | Villager (Male) |
| 28:24 | Crear | Villager (Male) |
Build order — 捣蛋猫爱导弹
Primeras 150 de 876 acciones detectadas
| 0:01 | Crear | Villager (Male) |
| 0:02 | Crear | Villager (Male) |
| 0:03 | Construir | House |
| 0:05 | Construir | House |
| 0:09 | Crear | Villager (Male) |
| 0:46 | Crear | Villager (Male) |
| 1:01 | Construir | Dock |
| 2:04 | Crear | Villager (Male) |
| 2:32 | Crear | Villager (Male) |
| 3:21 | Crear | Villager (Male) |
| 3:57 | Crear | Villager (Male) |
| 4:01 | Crear | Villager (Male) |
| 4:15 | Construir | Lumber Camp |
| 4:55 | Crear | Villager (Male) |
| 4:55 | Crear | Villager (Male) |
| 5:10 | Construir | House |
| 5:27 | Crear | Villager (Male) |
| 5:33 | Construir | House |
| 6:40 | Crear | Villager (Male) |
| 6:41 | Crear | Villager (Male) |
| 6:43 | Crear | Villager (Male) |
| 7:29 | Crear | Villager (Male) |
| 7:34 | Construir | Lumber Camp |
| 7:49 | Crear | Fishing Ship |
| 7:50 | Crear | Fishing Ship |
| 8:04 | Crear | Villager (Male) |
| 8:30 | Crear | Villager (Male) |
| 8:34 | Crear | Fishing Ship |
| 8:49 | Construir | Mining Camp |
| 8:54 | Crear | Villager (Male) |
| 8:58 | Construir | Mill |
| 9:10 | Construir | House |
| 9:27 | Crear | Fishing Ship |
| 9:41 | Construir | Mill |
| 9:50 | Crear | Villager (Male) |
| 10:27 | Crear | Villager (Male) |
| 10:48 | Construir | House |
| 11:02 | Crear | Villager (Male) |
| 11:23 | Investigar | Feudal Age |
| 11:33 | Construir | House |
| 11:36 | Construir | House |
| 11:39 | Crear | Fishing Ship |
| 12:30 | Crear | Fishing Ship |
| 13:21 | Crear | Villager (Male) |
| 13:23 | Crear | Villager (Male) |
| 13:37 | Edad | Edad Feudal |
| 13:40 | Construir | Fish Trap |
| 13:41 | Construir | Fish Trap |
| 13:42 | Construir | Fish Trap |
| 13:56 | Construir | Blacksmith |
| 14:08 | Construir | Market |
| 14:23 | Crear | Villager (Male) |
| 14:42 | Construir | Fish Trap |
| 14:44 | Construir | Fish Trap |
| 15:01 | Investigar | Castle Age |
| 15:25 | Construir | Lumber Camp |
| 15:31 | Construir | Fish Trap |
| 15:42 | Investigar | Tech 906 |
| 15:43 | Crear | Fishing Ship |
| 16:18 | Investigar | Double-Bit Axe |
| 16:28 | Investigar | Stone Mining |
| 16:42 | Crear | Fishing Ship |
| 16:46 | Construir | Fish Trap |
| 16:55 | Crear | Villager (Male) |
| 17:15 | Construir | Mining Camp |
| 17:26 | Crear | Villager (Male) |
| 17:33 | Construir | Fish Trap |
| 17:35 | Crear | Fishing Ship |
| 17:41 | Edad | Edad de los Castillos |
| 17:47 | Construir | Town Center |
| 17:56 | Construir | Town Center |
| 18:14 | Investigar | Wheelbarrow |
| 18:22 | Investigar | Bow Saw |
| 18:32 | Crear | Villager (Male) |
| 18:55 | Construir | Fish Trap |
| 19:07 | Crear | Villager (Male) |
| 19:07 | Crear | Villager (Male) |
| 19:24 | Crear | Villager (Male) |
| 19:25 | Crear | Villager (Male) |
| 19:25 | Crear | Villager (Male) |
| 19:27 | Crear | Fishing Ship |
| 19:57 | Construir | Town Center |
| 20:04 | Crear | Villager (Male) |
| 20:15 | Construir | Fish Trap |
| 20:47 | Construir | Dock |
| 20:54 | Crear | Fishing Ship |
| 20:56 | Investigar | Gillnets |
| 20:59 | Crear | Villager (Male) |
| 21:02 | Crear | Villager (Male) |
| 21:03 | Crear | Villager (Male) |
| 21:08 | Investigar | Horse Collar |
| 21:30 | Crear | Villager (Male) |
| 21:31 | Crear | Villager (Male) |
| 21:45 | Construir | Fish Trap |
| 21:50 | Crear | Fishing Ship |
| 21:51 | Crear | Fishing Ship |
| 21:57 | Investigar | Heavy Plow |
| 21:59 | Crear | Villager (Male) |
| 22:08 | Construir | Farm |
| 22:08 | Construir | Farm |
| 22:09 | Construir | Farm |
| 22:09 | Construir | Farm |
| 22:21 | Crear | Fishing Ship |
| 22:31 | Crear | Fishing Ship |
| 22:36 | Construir | Fish Trap |
| 22:44 | Construir | House |
| 22:47 | Construir | Farm |
| 22:49 | Crear | Villager (Male) |
| 22:49 | Crear | Villager (Male) |
| 22:58 | Construir | Fish Trap |
| 23:02 | Crear | Villager (Male) |
| 23:07 | Crear | Villager (Male) |
| 23:16 | Construir | House |
| 23:19 | Construir | House |
| 23:24 | Crear | Villager (Male) |
| 23:27 | Crear | Villager (Male) |
| 23:42 | Construir | Fish Trap |
| 23:49 | Construir | Fish Trap |
| 23:52 | Crear | Fishing Ship |
| 23:53 | Crear | Fishing Ship |
| 24:07 | Investigar | Hand Cart |
| 24:19 | Construir | Farm |
| 24:19 | Construir | Farm |
| 24:20 | Construir | Farm |
| 24:20 | Construir | Farm |
| 24:21 | Construir | Farm |
| 24:22 | Construir | Farm |
| 24:31 | Construir | House |
| 24:33 | Construir | House |
| 24:33 | Construir | House |
| 24:34 | Construir | House |
| 24:41 | Construir | Fish Trap |
| 24:48 | Construir | Fish Trap |
| 24:49 | Crear | Fishing Ship |
| 25:13 | Construir | Farm |
| 25:13 | Construir | Farm |
| 25:14 | Construir | Farm |
| 25:14 | Construir | Farm |
| 25:15 | Construir | Farm |
| 25:16 | Construir | Farm |
| 25:33 | Construir | Fish Trap |
| 25:35 | Crear | Fishing Ship |
| 25:36 | Crear | Fishing Ship |
| 25:42 | Crear | Villager (Male) |
| 25:45 | Crear | Villager (Male) |
| 25:45 | Crear | Villager (Male) |
| 25:46 | Crear | Villager (Male) |
| 25:53 | Crear | Villager (Male) |
| 26:19 | Construir | Fish Trap |
| 26:46 | Construir | University |
Build order — Semper
Primeras 150 de 652 acciones detectadas
| 0:13 | Construir | House |
| 0:16 | Construir | House |
| 0:24 | Crear | Villager (Male) |
| 0:24 | Crear | Villager (Male) |
| 0:25 | Crear | Villager (Male) |
| 0:27 | Crear | Villager (Male) |
| 0:27 | Crear | Villager (Male) |
| 1:54 | Crear | Villager (Male) |
| 1:55 | Crear | Villager (Male) |
| 2:28 | Construir | Palisade Wall |
| 2:29 | Construir | Palisade Wall |
| 2:52 | Crear | Villager (Male) |
| 2:52 | Crear | Villager (Male) |
| 2:58 | Construir | Lumber Camp |
| 3:32 | Construir | Palisade Wall |
| 4:03 | Crear | Villager (Male) |
| 4:03 | Crear | Villager (Male) |
| 4:43 | Construir | House |
| 5:34 | Construir | Palisade Wall |
| 6:01 | Crear | Villager (Male) |
| 6:01 | Crear | Villager (Male) |
| 7:33 | Crear | Villager (Male) |
| 8:09 | Construir | Mining Camp |
| 8:29 | Crear | Villager (Male) |
| 9:02 | Construir | Mill |
| 9:41 | Investigar | Feudal Age |
| 9:41 | Investigar | Feudal Age |
| 10:12 | Construir | Barracks |
| 10:29 | Construir | House |
| 10:31 | Construir | House |
| 10:32 | Construir | House |
| 10:34 | Construir | House |
| 10:35 | Construir | House |
| 10:37 | Construir | House |
| 10:47 | Crear | Villager (Male) |
| 11:00 | Crear | Villager (Male) |
| 11:43 | Crear | Villager (Male) |
| 11:51 | Edad | Edad Feudal |
| 12:18 | Crear | Villager (Male) |
| 12:18 | Crear | Villager (Male) |
| 12:46 | Crear | Villager (Male) |
| 13:11 | Construir | Farm |
| 13:15 | Investigar | Double-Bit Axe |
| 13:29 | Crear | Villager (Male) |
| 13:51 | Construir | Stable |
| 14:02 | Construir | Market |
| 14:16 | Construir | Farm |
| 14:24 | Crear | Villager (Male) |
| 14:25 | Crear | Villager (Male) |
| 15:09 | Construir | Farm |
| 15:16 | Construir | Farm |
| 15:23 | Crear | Villager (Male) |
| 15:24 | Crear | Villager (Male) |
| 15:41 | Crear | Spearman |
| 15:42 | Crear | Spearman |
| 15:50 | Construir | Farm |
| 16:12 | Construir | Farm |
| 16:18 | Construir | Farm |
| 16:36 | Investigar | Wheelbarrow |
| 16:53 | Construir | Farm |
| 17:05 | Construir | Farm |
| 17:57 | Crear | Trade Cart |
| 17:58 | Crear | Trade Cart |
| 18:13 | Crear | Villager (Male) |
| 18:49 | Construir | Farm |
| 19:37 | Crear | Villager (Male) |
| 19:38 | Crear | Villager (Male) |
| 20:11 | Construir | Farm |
| 20:59 | Investigar | Castle Age |
| 21:10 | Crear | Villager (Male) |
| 21:10 | Crear | Villager (Male) |
| 21:10 | Crear | Villager (Male) |
| 21:38 | Crear | Villager (Male) |
| 21:38 | Crear | Villager (Male) |
| 21:58 | Construir | Stable |
| 22:01 | Construir | Stable |
| 23:27 | Investigar | Gold Mining |
| 23:29 | Investigar | Stone Mining |
| 23:39 | Edad | Edad de los Castillos |
| 23:58 | Construir | Castle |
| 24:15 | Investigar | Hand Cart |
| 24:22 | Crear | Villager (Male) |
| 24:23 | Crear | Villager (Male) |
| 24:23 | Crear | Villager (Male) |
| 24:34 | Crear | Knight |
| 24:36 | Crear | Knight |
| 25:16 | Construir | House |
| 25:17 | Construir | House |
| 25:18 | Construir | House |
| 25:19 | Construir | House |
| 25:21 | Construir | House |
| 25:23 | Construir | House |
| 25:24 | Construir | House |
| 25:25 | Construir | House |
| 25:26 | Construir | House |
| 25:40 | Construir | Town Center |
| 26:06 | Crear | Villager (Male) |
| 26:06 | Crear | Villager (Male) |
| 26:17 | Investigar | Caravan |
| 26:23 | Crear | Trade Cart |
| 26:23 | Crear | Trade Cart |
| 26:23 | Crear | Trade Cart |
| 26:54 | Investigar | Husbandry |
| 27:42 | Construir | Blacksmith |
| 27:51 | Crear | Villager (Male) |
| 27:52 | Crear | Villager (Male) |
| 27:52 | Crear | Villager (Male) |
| 27:52 | Crear | Villager (Male) |
| 27:52 | Crear | Villager (Male) |
| 27:53 | Crear | Villager (Male) |
| 27:53 | Crear | Villager (Male) |
| 28:33 | Investigar | Bow Saw |
| 28:38 | Crear | Villager (Male) |
| 28:38 | Crear | Villager (Male) |
| 28:38 | Crear | Villager (Male) |
| 28:39 | Crear | Villager (Male) |
| 29:23 | Construir | Stable |
| 29:26 | Construir | Stable |
| 29:40 | Construir | Mining Camp |
| 29:54 | Crear | Villager (Male) |
| 29:54 | Crear | Villager (Male) |
| 30:01 | Crear | Knight |
| 30:01 | Crear | Knight |
| 30:02 | Crear | Knight |
| 30:02 | Crear | Knight |
| 30:02 | Crear | Knight |
| 30:17 | Crear | Villager (Male) |
| 30:17 | Crear | Villager (Male) |
| 31:30 | Crear | Villager (Male) |
| 31:38 | Construir | Mining Camp |
| 31:57 | Crear | Knight |
| 31:58 | Crear | Knight |
| 31:58 | Crear | Knight |
| 31:58 | Crear | Knight |
| 31:58 | Crear | Knight |
| 31:59 | Crear | Knight |
| 31:59 | Crear | Knight |
| 31:59 | Crear | Knight |
| 32:14 | Crear | Villager (Male) |
| 32:14 | Crear | Villager (Male) |
| 32:14 | Crear | Villager (Male) |
| 32:28 | Construir | Farm |
| 32:32 | Construir | Farm |
| 32:35 | Construir | Farm |
| 32:39 | Construir | Farm |
| 32:43 | Construir | Farm |
| 32:46 | Construir | Farm |
| 32:51 | Construir | Farm |
| 32:58 | Crear | Villager (Male) |
| 33:06 | Crear | Villager (Male) |
Build order — 剑客Never
Primeras 150 de 443 acciones detectadas
| 0:02 | Investigar | Loom |
| 0:03 | Crear | Villager (Male) |
| 0:04 | Crear | Villager (Male) |
| 0:04 | Crear | Villager (Male) |
| 0:04 | Crear | Villager (Male) |
| 0:04 | Crear | Villager (Male) |
| 0:13 | Construir | House |
| 0:37 | Construir | Palisade Wall |
| 0:46 | Construir | Palisade Wall |
| 2:00 | Construir | House |
| 2:38 | Construir | House |
| 2:50 | Crear | Villager (Male) |
| 2:51 | Crear | Villager (Male) |
| 3:08 | Construir | House |
| 3:16 | Crear | Villager (Male) |
| 3:17 | Crear | Villager (Male) |
| 3:17 | Crear | Villager (Male) |
| 3:46 | Construir | House |
| 4:08 | Crear | Villager (Male) |
| 4:08 | Crear | Villager (Male) |
| 4:08 | Crear | Villager (Male) |
| 4:29 | Crear | Villager (Male) |
| 4:29 | Crear | Villager (Male) |
| 4:29 | Crear | Villager (Male) |
| 4:30 | Crear | Villager (Male) |
| 4:51 | Crear | Villager (Male) |
| 4:51 | Crear | Villager (Male) |
| 5:27 | Crear | Villager (Male) |
| 5:27 | Crear | Villager (Male) |
| 5:27 | Crear | Villager (Male) |
| 5:27 | Crear | Villager (Male) |
| 6:09 | Construir | Mill |
| 6:14 | Crear | Villager (Male) |
| 6:15 | Crear | Villager (Male) |
| 6:15 | Crear | Villager (Male) |
| 7:12 | Crear | Villager (Male) |
| 7:12 | Crear | Villager (Male) |
| 7:35 | Construir | Lumber Camp |
| 7:49 | Crear | Villager (Male) |
| 7:49 | Crear | Villager (Male) |
| 8:17 | Crear | Villager (Male) |
| 8:17 | Crear | Villager (Male) |
| 9:53 | Investigar | Feudal Age |
| 10:40 | Crear | Villager (Male) |
| 10:40 | Crear | Villager (Male) |
| 11:35 | Crear | Villager (Male) |
| 11:35 | Crear | Villager (Male) |
| 11:35 | Crear | Villager (Male) |
| 12:03 | Edad | Edad Feudal |
| 12:05 | Construir | Dock |
| 12:21 | Construir | Watch Tower |
| 13:02 | Construir | Mining Camp |
| 13:11 | Construir | Farm |
| 13:12 | Construir | Farm |
| 13:13 | Construir | Farm |
| 13:15 | Construir | Farm |
| 13:17 | Construir | Farm |
| 13:20 | Construir | Farm |
| 13:21 | Construir | Farm |
| 13:53 | Crear | Villager (Male) |
| 13:53 | Crear | Villager (Male) |
| 14:01 | Construir | Farm |
| 14:10 | Construir | House |
| 14:28 | Construir | Farm |
| 14:55 | Crear | Fishing Ship |
| 14:55 | Crear | Fishing Ship |
| 14:55 | Crear | Fishing Ship |
| 14:56 | Crear | Fishing Ship |
| 15:15 | Construir | House |
| 15:40 | Investigar | Castle Age |
| 16:13 | Construir | Blacksmith |
| 16:18 | Construir | House |
| 16:36 | Crear | Villager (Male) |
| 17:08 | Construir | Mining Camp |
| 18:07 | Investigar | Forging |
| 18:07 | Investigar | Fletching |
| 18:08 | Investigar | Padded Archer Armor |
| 18:09 | Investigar | Scale Barding Armor |
| 18:12 | Crear | Villager (Male) |
| 18:12 | Crear | Villager (Male) |
| 18:12 | Crear | Villager (Male) |
| 18:20 | Edad | Edad de los Castillos |
| 18:55 | Construir | Town Center |
| 19:03 | Crear | Villager (Male) |
| 19:04 | Crear | Villager (Male) |
| 19:04 | Crear | Villager (Male) |
| 19:04 | Crear | Villager (Male) |
| 19:04 | Crear | Villager (Male) |
| 19:21 | Crear | Villager (Male) |
| 19:32 | Investigar | Horse Collar |
| 19:48 | Crear | Villager (Male) |
| 20:03 | Crear | Villager (Male) |
| 20:03 | Crear | Villager (Male) |
| 20:03 | Crear | Villager (Male) |
| 20:55 | Construir | Fish Trap |
| 21:06 | Construir | Farm |
| 21:12 | Crear | Villager (Male) |
| 21:12 | Crear | Villager (Male) |
| 21:12 | Crear | Villager (Male) |
| 21:12 | Crear | Villager (Male) |
| 21:13 | Crear | Villager (Male) |
| 21:13 | Crear | Villager (Male) |
| 21:13 | Crear | Villager (Male) |
| 21:17 | Crear | Villager (Male) |
| 21:22 | Construir | Farm |
| 21:36 | Crear | Villager (Male) ×2 |
| 21:37 | Crear | Villager (Male) ×2 |
| 21:55 | Construir | Farm |
| 22:06 | Construir | Castle |
| 22:25 | Construir | Farm |
| 22:44 | Construir | House |
| 22:57 | Construir | Farm |
| 23:22 | Construir | Farm |
| 23:46 | Construir | House |
| 24:10 | Construir | Lumber Camp |
| 24:16 | Crear | Villager (Male) ×5 |
| 24:16 | Crear | Villager (Male) ×5 |
| 24:16 | Crear | Villager (Male) ×5 |
| 24:17 | Crear | Villager (Male) ×5 |
| 24:17 | Crear | Villager (Male) ×3 |
| 24:23 | Construir | Farm |
| 24:28 | Construir | Farm |
| 24:35 | Construir | House |
| 24:51 | Construir | Farm |
| 25:00 | Investigar | Double-Bit Axe |
| 25:09 | Construir | House |
| 25:31 | Construir | Fish Trap |
| 25:46 | Construir | Fish Trap |
| 25:52 | Construir | Fish Trap |
| 26:18 | Construir | House |
| 26:32 | Crear | Ballista Elephant |
| 26:38 | Investigar | Tusk Swords |
| 27:04 | Construir | Market |
| 27:18 | Construir | House |
| 28:03 | Construir | Farm |
| 28:08 | Construir | House |
| 28:21 | Crear | Villager (Male) ×5 |
| 28:42 | Investigar | Imperial Age |
| 28:45 | Crear | Villager (Male) |
| 28:45 | Crear | Villager (Male) |
| 28:46 | Crear | Villager (Male) |
| 28:46 | Crear | Villager (Male) |
| 28:46 | Crear | Villager (Male) |
| 29:00 | Construir | Town Center |
| 29:24 | Construir | House |
| 29:45 | Construir | Farm |
| 29:46 | Construir | Farm |
| 29:48 | Construir | Farm |
| 29:49 | Construir | Farm |
| 30:11 | Crear | Fishing Ship |
Build order — Furno1324
Primeras 150 de 683 acciones detectadas
| 0:09 | Construir | House |
| 0:12 | Construir | House |
| 0:13 | Construir | House |
| 0:15 | Crear | Villager (Male) |
| 0:15 | Crear | Villager (Male) |
| 0:18 | Investigar | Loom |
| 0:18 | Crear | Villager (Male) |
| 0:18 | Crear | Villager (Male) |
| 0:19 | Crear | Villager (Male) |
| 0:19 | Crear | Villager (Male) |
| 0:19 | Crear | Villager (Male) |
| 0:22 | Investigar | Loom |
| 0:23 | Crear | Villager (Male) |
| 0:23 | Crear | Villager (Male) |
| 0:24 | Crear | Villager (Male) |
| 0:24 | Crear | Villager (Male) |
| 1:12 | Construir | Palisade Wall |
| 2:08 | Construir | Palisade Wall |
| 3:16 | Construir | Palisade Wall |
| 3:17 | Crear | Villager (Male) |
| 3:18 | Crear | Villager (Male) |
| 3:18 | Crear | Villager (Male) |
| 3:42 | Crear | Villager (Male) |
| 4:13 | Crear | Villager (Male) |
| 4:39 | Construir | Palisade Wall |
| 5:21 | Crear | Villager (Male) |
| 5:22 | Crear | Villager (Male) |
| 5:22 | Crear | Villager (Male) |
| 5:28 | Crear | Villager (Male) |
| 5:29 | Crear | Villager (Male) |
| 6:06 | Crear | Villager (Male) |
| 6:30 | Crear | Villager (Male) |
| 6:39 | Construir | Mill |
| 6:58 | Crear | Villager (Male) |
| 8:15 | Crear | Villager (Male) |
| 8:22 | Construir | House |
| 8:23 | Construir | House |
| 8:28 | Construir | House |
| 8:29 | Construir | House |
| 9:06 | Crear | Villager (Male) |
| 9:06 | Crear | Villager (Male) |
| 9:06 | Crear | Villager (Male) |
| 9:07 | Crear | Villager (Male) |
| 9:07 | Crear | Villager (Male) |
| 9:36 | Crear | Villager (Male) |
| 10:00 | Construir | Mill |
| 10:53 | Construir | Lumber Camp |
| 11:07 | Crear | Villager (Male) |
| 11:42 | Crear | Villager (Male) |
| 12:00 | Investigar | Feudal Age |
| 12:53 | Crear | Villager (Male) |
| 12:53 | Crear | Villager (Male) |
| 14:17 | Edad | Edad Feudal |
| 14:17 | Investigar | Double-Bit Axe |
| 14:18 | Investigar | Double-Bit Axe |
| 14:18 | Investigar | Horse Collar |
| 14:21 | Crear | Villager (Male) |
| 14:22 | Crear | Villager (Male) |
| 14:38 | Construir | Mining Camp |
| 14:51 | Construir | Stone Wall |
| 14:55 | Construir | Building 673 |
| 15:09 | Construir | Stone Wall |
| 15:14 | Construir | Building 487 |
| 15:15 | Construir | Building 487 |
| 15:21 | Construir | Palisade Gate |
| 15:23 | Construir | Palisade Gate |
| 15:24 | Construir | Palisade Gate |
| 15:26 | Construir | Palisade Gate |
| 15:32 | Crear | Villager (Male) |
| 15:33 | Crear | Villager (Male) |
| 15:40 | Construir | Farm |
| 15:40 | Construir | Farm |
| 15:40 | Construir | Farm |
| 15:41 | Construir | Farm |
| 15:41 | Construir | Farm |
| 15:41 | Construir | Farm |
| 15:41 | Construir | Farm |
| 15:42 | Construir | Farm |
| 15:42 | Construir | Farm |
| 16:44 | Crear | Villager (Male) |
| 16:49 | Construir | Farm |
| 16:49 | Construir | Farm |
| 16:50 | Construir | Farm |
| 16:50 | Construir | Farm |
| 16:51 | Construir | Farm |
| 16:52 | Construir | Farm |
| 16:55 | Crear | Villager (Male) |
| 17:02 | Construir | Farm |
| 17:10 | Construir | Farm |
| 17:14 | Crear | Villager (Male) |
| 17:21 | Construir | House |
| 17:32 | Construir | House |
| 17:45 | Construir | House |
| 17:49 | Construir | House |
| 17:52 | Construir | House |
| 18:01 | Crear | Villager (Male) |
| 18:01 | Crear | Villager (Male) |
| 18:16 | Crear | Villager (Male) |
| 18:19 | Construir | Farm |
| 18:33 | Crear | Villager (Male) |
| 18:54 | Investigar | Gold Mining |
| 18:58 | Investigar | Stone Mining |
| 19:18 | Construir | Mining Camp |
| 19:20 | Crear | Villager (Male) |
| 19:50 | Construir | Lumber Camp |
| 20:24 | Crear | Villager (Male) |
| 20:25 | Crear | Villager (Male) |
| 20:26 | Crear | Villager (Male) |
| 20:32 | Construir | Blacksmith |
| 21:05 | Construir | Market |
| 21:16 | Investigar | Fletching |
| 21:16 | Investigar | Padded Archer Armor |
| 21:21 | Crear | Villager (Male) |
| 22:06 | Investigar | Castle Age |
| 22:23 | Crear | Trade Cart |
| 22:23 | Crear | Trade Cart |
| 22:24 | Crear | Trade Cart |
| 22:24 | Crear | Trade Cart |
| 22:24 | Crear | Trade Cart |
| 22:44 | Construir | Stone Wall |
| 22:47 | Construir | Building 487 |
| 22:49 | Construir | Building 487 |
| 23:09 | Construir | Mining Camp |
| 23:15 | Crear | Villager (Male) |
| 23:33 | Crear | Villager (Male) |
| 23:34 | Crear | Villager (Male) |
| 23:40 | Crear | Trade Cart |
| 23:42 | Crear | Trade Cart |
| 24:20 | Construir | Stone Wall |
| 24:25 | Construir | Building 665 |
| 24:27 | Construir | Building 665 |
| 24:46 | Edad | Edad de los Castillos |
| 25:01 | Crear | Villager (Male) |
| 25:06 | Construir | Town Center |
| 25:15 | Investigar | Bow Saw |
| 25:21 | Investigar | Heavy Plow |
| 25:28 | Investigar | Gold Shaft Mining |
| 25:59 | Construir | Town Center |
| 26:36 | Construir | Stone Wall |
| 26:38 | Construir | Stone Wall |
| 26:39 | Construir | Stone Wall |
| 26:44 | Construir | Stone Wall |
| 26:47 | Construir | Building 487 |
| 26:52 | Crear | Villager (Male) |
| 26:53 | Crear | Villager (Male) |
| 26:53 | Crear | Villager (Male) |
| 26:53 | Crear | Villager (Male) |
| 26:56 | Crear | Villager (Male) |
| 26:56 | Crear | Villager (Male) |
| 26:57 | Crear | Villager (Male) |
Build order — swt666
Primeras 150 de 256 acciones detectadas
| 0:20 | Construir | House |
| 0:32 | Crear | Villager (Male) |
| 0:33 | Crear | Villager (Male) |
| 0:33 | Crear | Villager (Male) |
| 0:33 | Crear | Villager (Male) |
| 0:34 | Crear | Villager (Male) |
| 0:34 | Investigar | Loom |
| 0:53 | Construir | House |
| 0:54 | Construir | House |
| 0:55 | Construir | House |
| 1:42 | Crear | Villager (Male) |
| 2:58 | Crear | Villager (Male) |
| 2:59 | Crear | Villager (Male) |
| 2:59 | Crear | Villager (Male) |
| 3:25 | Crear | Villager (Male) |
| 3:59 | Crear | Villager (Male) |
| 4:23 | Construir | Mill |
| 4:46 | Crear | Villager (Male) |
| 5:22 | Crear | Villager (Male) |
| 5:30 | Crear | Villager (Male) |
| 5:50 | Crear | Villager (Male) |
| 6:15 | Crear | Villager (Male) |
| 6:24 | Crear | Villager (Male) |
| 6:53 | Crear | Villager (Male) |
| 7:50 | Crear | Villager (Male) |
| 7:50 | Crear | Villager (Male) |
| 7:54 | Crear | Villager (Male) |
| 7:54 | Crear | Villager (Male) |
| 8:26 | Construir | Mining Camp |
| 9:36 | Construir | Lumber Camp |
| 10:10 | Investigar | Feudal Age |
| 12:13 | Construir | Mill |
| 12:20 | Edad | Edad Feudal |
| 12:37 | Construir | Market |
| 12:43 | Construir | Blacksmith |
| 13:21 | Construir | Farm |
| 13:23 | Construir | Farm |
| 13:26 | Construir | Farm |
| 13:28 | Construir | Farm |
| 14:28 | Investigar | Castle Age |
| 14:47 | Construir | Mining Camp |
| 15:24 | Investigar | Double-Bit Axe |
| 15:28 | Investigar | Stone Mining |
| 16:28 | Investigar | Gold Mining |
| 17:08 | Edad | Edad de los Castillos |
| 17:15 | Construir | Town Center |
| 17:24 | Crear | Villager (Male) |
| 17:24 | Crear | Villager (Male) |
| 17:25 | Crear | Villager (Male) |
| 17:25 | Crear | Villager (Male) |
| 17:25 | Crear | Villager (Male) |
| 17:49 | Crear | Villager (Male) |
| 17:57 | Construir | House |
| 17:59 | Construir | House |
| 18:00 | Construir | House |
| 18:01 | Construir | House |
| 18:02 | Construir | House |
| 18:17 | Construir | Farm |
| 18:19 | Construir | Farm |
| 18:22 | Construir | Farm |
| 18:24 | Construir | Farm |
| 18:34 | Crear | Villager (Male) |
| 18:34 | Crear | Villager (Male) |
| 18:34 | Crear | Villager (Male) |
| 18:34 | Crear | Villager (Male) |
| 19:03 | Construir | Farm |
| 19:33 | Crear | Villager (Male) |
| 19:37 | Construir | Farm |
| 19:46 | Crear | Villager (Male) |
| 19:48 | Crear | Villager (Male) |
| 19:53 | Construir | Farm |
| 20:10 | Crear | Villager (Male) |
| 20:17 | Construir | Farm |
| 20:31 | Crear | Villager (Male) |
| 20:35 | Crear | Villager (Male) |
| 20:44 | Construir | Farm |
| 20:54 | Construir | House |
| 20:55 | Construir | House |
| 20:58 | Construir | House |
| 20:58 | Construir | House |
| 21:04 | Crear | Villager (Male) |
| 21:07 | Crear | Villager (Male) |
| 21:11 | Construir | Farm |
| 21:26 | Crear | Villager (Male) |
| 21:28 | Crear | Villager (Male) |
| 21:35 | Construir | Farm |
| 21:40 | Crear | Villager (Male) |
| 21:50 | Construir | Castle |
| 22:01 | Construir | Castle |
| 22:05 | Construir | Farm |
| 22:09 | Crear | Villager (Male) |
| 22:10 | Crear | Villager (Male) |
| 22:15 | Construir | Farm |
| 22:22 | Crear | Villager (Male) |
| 22:22 | Crear | Villager (Male) |
| 22:22 | Crear | Villager (Male) |
| 22:26 | Construir | Farm |
| 22:43 | Crear | Villager (Male) |
| 22:47 | Construir | House |
| 22:48 | Construir | House |
| 22:51 | Construir | House |
| 22:55 | Construir | Farm |
| 23:01 | Investigar | Bow Saw |
| 23:06 | Crear | Villager (Male) |
| 23:18 | Construir | Barracks |
| 23:21 | Construir | Farm |
| 23:26 | Crear | Villager (Male) |
| 23:28 | Crear | Villager (Male) |
| 23:40 | Construir | Farm |
| 23:43 | Crear | Villager (Male) |
| 23:44 | Crear | Villager (Male) |
| 24:04 | Crear | Villager (Male) |
| 24:05 | Crear | Villager (Male) |
| 24:08 | Construir | Farm |
| 24:16 | Construir | House |
| 24:18 | Construir | House |
| 24:19 | Construir | House |
| 24:25 | Construir | Stable |
| 24:29 | Crear | Villager (Male) |
| 24:30 | Crear | Villager (Male) |
| 24:34 | Construir | Farm |
| 24:41 | Investigar | Gold Shaft Mining |
| 24:52 | Crear | Villager (Male) |
| 24:56 | Construir | Farm |
| 25:18 | Investigar | Wheelbarrow |
| 25:20 | Crear | Villager (Male) |
| 25:23 | Construir | Mill |
| 25:50 | Construir | House |
| 25:54 | Construir | Farm |
| 25:58 | Crear | Villager (Male) |
| 25:59 | Crear | Villager (Male) |
| 25:59 | Crear | Villager (Male) |
| 25:59 | Crear | Villager (Male) |
| 26:00 | Crear | Villager (Male) |
| 26:00 | Crear | Villager (Male) |
| 26:00 | Crear | Villager (Male) |
| 26:21 | Construir | House |
| 26:22 | Construir | House |
| 26:24 | Construir | House |
| 26:26 | Construir | House |
| 26:28 | Construir | House |
| 26:29 | Construir | House |
| 26:30 | Construir | House |
| 26:31 | Construir | House |
| 26:32 | Construir | House |
| 26:34 | Construir | House |
| 26:34 | Construir | House |
| 26:37 | Construir | Farm |
| 26:40 | Construir | Farm |
| 26:56 | Construir | Farm |
Cronología de la partida
| 0:37 | 剑客Never · wall_segment Palisade Wall x8 |
| 0:46 | 剑客Never · wall_segment Palisade Wall x7 |
| 1:01 | 捣蛋猫爱导弹 · first_building Dock |
| 1:12 | Furno1324 · wall_segment Palisade Wall x10 |
| 2:08 | Furno1324 · wall_segment Palisade Wall x10 |
| 2:28 | Semper · wall_segment Palisade Wall x11 |
| 2:29 | Semper · wall_segment Palisade Wall x5 |
| 3:16 | Furno1324 · wall_segment Palisade Wall x10 |
| 3:32 | Semper · wall_segment Palisade Wall x14 |
| 4:39 | Furno1324 · wall_segment Palisade Wall x9 |
| 5:12 | Antonio · wall_segment Palisade Wall x10 |
| 5:34 | Semper · wall_segment Palisade Wall x8 |
| 10:12 | Semper · first_building Barracks |
| 11:51 | Semper · age_up feudal |
| 12:03 | 剑客Never · age_up feudal |
| 12:05 | 剑客Never · first_building Dock |
| 12:17 | mahirnalbant09 · age_up feudal |
| 12:20 | swt666 · age_up feudal |
| 12:46 | Ember Бубен · age_up feudal |
| 13:14 | Antonio · age_up feudal |
| 13:37 | 捣蛋猫爱导弹 · age_up feudal |
| 13:41 | Antonio · wall_segment Stone Wall x17 |
| 13:51 | Semper · first_building Stable |
| 14:17 | Furno1324 · age_up feudal |
| 14:33 | Ember Бубен · first_building Barracks |
| 14:51 | Furno1324 · wall_segment Stone Wall x13 |
| 15:09 | Furno1324 · wall_segment Stone Wall x10 |
| 15:11 | Antonio · first_market_buy 100 food |
| 17:07 | Ember Бубен · first_building Stable |
| 17:08 | swt666 · age_up castle |
| 17:24 | Antonio · age_up castle |
| 17:41 | 捣蛋猫爱导弹 · age_up castle |
| 18:20 | 剑客Never · age_up castle |
| 18:50 | mahirnalbant09 · age_up castle |
| 18:52 | mahirnalbant09 · first_building Monastery |
| 19:23 | Antonio · wall_segment Stone Wall x20 |
| 20:55 | Semper · first_market_buy 100 food |
| 21:38 | mahirnalbant09 · first_building Castle |
| 21:50 | swt666 · first_building Castle |
| 22:06 | 剑客Never · first_building Castle |
| 22:44 | Furno1324 · wall_segment Stone Wall x11 |
| 23:00 | Ember Бубен · age_up castle |
| 23:12 | Ember Бубен · first_building Castle |
| 23:18 | swt666 · first_building Barracks |
| 23:39 | Semper · age_up castle |
| 23:58 | Semper · first_building Castle |
| 24:20 | Furno1324 · wall_segment Stone Wall x16 |
| 24:25 | swt666 · first_building Stable |
| 24:46 | Furno1324 · age_up castle |
| 25:42 | Furno1324 · first_market_buy 100 stone |
| 26:36 | Furno1324 · wall_segment Stone Wall x4 |
| 26:38 | Furno1324 · wall_segment Stone Wall x2 |
| 26:39 | Furno1324 · wall_segment Stone Wall x1 |
| 26:44 | Furno1324 · wall_segment Stone Wall x2 |
| 26:50 | 捣蛋猫爱导弹 · first_building Monastery |
| 27:25 | Ember Бубен · first_building Monastery |
| 27:43 | Antonio · first_building Castle |
| 28:21 | Furno1324 · first_building Barracks |
| 28:33 | Furno1324 · wall_segment Stone Wall x12 |
| 29:10 | Antonio · first_building Monastery |
| 29:17 | mahirnalbant09 · age_up imperial |
| 29:18 | Furno1324 · first_building Castle |
| 29:32 | Antonio · first_building Barracks |
| 29:48 | Furno1324 · first_market_sell 100 wood |
| 29:56 | 捣蛋猫爱导弹 · first_building Castle |
| 30:18 | Ember Бубен · age_up imperial |
| 30:33 | Antonio · first_building Siege Workshop |
| 31:08 | swt666 · age_up imperial |
| 31:48 | 捣蛋猫爱导弹 · age_up imperial |
| 31:52 | 剑客Never · age_up imperial |
| 32:36 | Antonio · first_building Stable |
| 33:00 | Antonio · age_up imperial |
| 33:36 | Furno1324 · first_building Archery Range |
| 33:40 | Furno1324 · age_up imperial |
| 35:40 | 剑客Never · first_building Stable |
| 36:12 | Antonio · first_building Archery Range |
| 36:56 | mahirnalbant09 · first_building Barracks |
| 37:15 | 捣蛋猫爱导弹 · first_building Siege Workshop |
| 37:52 | mahirnalbant09 · first_building Stable |
| 38:18 | Semper · first_building Archery Range |
| 39:56 | Semper · age_up imperial |
| 40:40 | 捣蛋猫爱导弹 · tribute_sent a jugador 1 |
| 40:40 | 捣蛋猫爱导弹 · tribute_sent a jugador 2 |
| 40:40 | 捣蛋猫爱导弹 · tribute_sent a jugador 3 |
| 40:40 | 捣蛋猫爱导弹 · tribute_sent a jugador 5 |
| 40:40 | 捣蛋猫爱导弹 · tribute_sent a jugador 6 |
| 40:40 | 捣蛋猫爱导弹 · tribute_sent a jugador 7 |
| 40:40 | 捣蛋猫爱导弹 · tribute_sent a jugador 8 |
| 41:49 | 捣蛋猫爱导弹 · first_building Barracks |
| 43:33 | swt666 · resign |
| 45:13 | mahirnalbant09 · first_market_buy 100 food |
| 47:17 | 捣蛋猫爱导弹 · wall_segment Stone Wall x8 |
| 52:23 | Ember Бубен · first_building Siege Workshop |
| 53:01 | mahirnalbant09 · first_building Siege Workshop |
| 54:42 | 捣蛋猫爱导弹 · tribute_sent a jugador 1 |
| 54:42 | 捣蛋猫爱导弹 · tribute_sent a jugador 2 |
| 54:42 | 捣蛋猫爱导弹 · tribute_sent a jugador 3 |
| 54:42 | 捣蛋猫爱导弹 · tribute_sent a jugador 5 |
| 54:42 | 捣蛋猫爱导弹 · tribute_sent a jugador 6 |
| 54:42 | 捣蛋猫爱导弹 · tribute_sent a jugador 7 |
| 54:42 | 捣蛋猫爱导弹 · tribute_sent a jugador 8 |
| 57:04 | Antonio · wall_segment Stone Wall x10 |
| 57:19 | 剑客Never · tribute_sent a jugador 1 |
| 57:19 | 剑客Never · tribute_sent a jugador 2 |
| 57:19 | 剑客Never · tribute_sent a jugador 3 |
| 57:19 | 剑客Never · tribute_sent a jugador 4 |
| 57:19 | 剑客Never · tribute_sent a jugador 5 |
| 57:19 | 剑客Never · tribute_sent a jugador 7 |
| 57:19 | 剑客Never · tribute_sent a jugador 8 |
| 61:24 | Ember Бубен · wall_segment Stone Wall x7 |
| 61:26 | Ember Бубен · wall_segment Stone Wall x10 |
| 62:03 | Furno1324 · first_building Siege Workshop |
| 64:14 | mahirnalbant09 · first_market_sell 100 wood |
| 65:50 | 捣蛋猫爱导弹 · tribute_sent a jugador 1 |
| 65:50 | 捣蛋猫爱导弹 · tribute_sent a jugador 2 |
| 65:50 | 捣蛋猫爱导弹 · tribute_sent a jugador 3 |
| 65:50 | 捣蛋猫爱导弹 · tribute_sent a jugador 5 |
| 65:50 | 捣蛋猫爱导弹 · tribute_sent a jugador 6 |
| 65:50 | 捣蛋猫爱导弹 · tribute_sent a jugador 7 |
| 65:50 | 捣蛋猫爱导弹 · tribute_sent a jugador 8 |
| 65:59 | 剑客Never · tribute_sent a jugador 1 |
| 65:59 | 剑客Never · tribute_sent a jugador 2 |
| 65:59 | 剑客Never · tribute_sent a jugador 3 |
| 65:59 | 剑客Never · tribute_sent a jugador 4 |
| 65:59 | 剑客Never · tribute_sent a jugador 5 |
| 65:59 | 剑客Never · tribute_sent a jugador 7 |
| 65:59 | 剑客Never · tribute_sent a jugador 8 |
| 69:19 | Ember Бубен · tribute_sent a jugador 1 |
| 69:19 | Ember Бубен · tribute_sent a jugador 2 |
| 69:19 | Ember Бубен · tribute_sent a jugador 4 |
| 69:19 | Ember Бубен · tribute_sent a jugador 5 |
| 69:19 | Ember Бубен · tribute_sent a jugador 6 |
| 69:19 | Ember Бубен · tribute_sent a jugador 7 |
| 69:19 | Ember Бубен · tribute_sent a jugador 8 |
| 69:25 | Semper · first_market_sell 100 stone |
| 69:59 | Antonio · first_market_sell 500 wood |
| 70:35 | 剑客Never · first_market_sell 100 food |
| 72:59 | 剑客Never · first_market_buy 100 stone |
| 73:49 | Ember Бубен · first_market_buy 100 stone |
| 74:29 | Ember Бубен · wall_segment Stone Wall x12 |
| 75:25 | Ember Бубен · wall_segment Stone Wall x16 |
| 76:27 | Ember Бубен · wall_segment Stone Wall x5 |
| 76:31 | Ember Бубен · wall_segment Stone Wall x3 |
| 76:33 | Ember Бубен · wall_segment Stone Wall x6 |
| 76:36 | Ember Бубен · wall_segment Stone Wall x7 |
| 77:40 | Ember Бубен · wall_segment Stone Wall x10 |
| 77:43 | Ember Бубен · wall_segment Stone Wall x5 |
| 83:23 | Ember Бубен · wall_segment Stone Wall x5 |
| 83:57 | Ember Бубен · wall_segment Stone Wall x2 |
| 84:02 | Ember Бубен · wall_segment Stone Wall x4 |
| 84:04 | Ember Бубен · wall_segment Stone Wall x4 |
| 84:09 | Ember Бубен · wall_segment Stone Wall x4 |
| 85:03 | Ember Бубен · wall_segment Stone Wall x2 |
| 85:06 | Ember Бубен · wall_segment Stone Wall x2 |
| 85:13 | Ember Бубен · wall_segment Stone Wall x1 |
| 85:22 | Ember Бубен · wall_segment Stone Wall x8 |
| 85:25 | Ember Бубен · wall_segment Stone Wall x7 |
| 85:27 | Ember Бубен · wall_segment Stone Wall x4 |
| 85:28 | Ember Бубен · wall_segment Stone Wall x9 |
| 85:30 | Ember Бубен · wall_segment Stone Wall x8 |
| 85:33 | Ember Бубен · wall_segment Stone Wall x1 |
| 86:09 | Ember Бубен · wall_segment Stone Wall x4 |
| 86:13 | Ember Бубен · wall_segment Stone Wall x7 |
| 86:18 | Ember Бубен · wall_segment Stone Wall x7 |
| 88:56 | Ember Бубен · tribute_sent a jugador 1 |
| 88:56 | Ember Бубен · tribute_sent a jugador 2 |
| 88:56 | Ember Бубен · tribute_sent a jugador 4 |
| 88:56 | Ember Бубен · tribute_sent a jugador 5 |
| 88:56 | Ember Бубен · tribute_sent a jugador 6 |
| 88:56 | Ember Бубен · tribute_sent a jugador 7 |
| 88:56 | Ember Бубен · tribute_sent a jugador 8 |
| 89:07 | Ember Бубен · tribute_sent a jugador 1 |
| 89:07 | Ember Бубен · tribute_sent a jugador 2 |
| 89:07 | Ember Бубен · tribute_sent a jugador 4 |
| 89:07 | Ember Бубен · tribute_sent a jugador 5 |
| 89:07 | Ember Бубен · tribute_sent a jugador 6 |
| 89:07 | Ember Бубен · tribute_sent a jugador 7 |
| 89:07 | Ember Бубен · tribute_sent a jugador 8 |
| 103:22 | Furno1324 · wall_segment Stone Wall x8 |
[ ANÁLISIS IA · 1 CRÉDITO ]
¿Qué pasó realmente en esta partida?
Wolo.gg analiza cada decisión: build order, eco, micro, errores típicos por bracket. Análisis personalizado por WhatsApp o Discord en 30 segundos.
Guía civ
Celtas
Guía mapa
Black Forest
Perfil
Antonio ™